 Dungeon Crawl Stone Soup version 0.19.1-1-g22dce08 (webtiles) character file.

13138 kae the Carver (level 12, -4/96 HPs)
             Began as a Formicid Fighter on Dec 28, 2016.
             Was a High Priest of Okawaru.
             Slain by a white ugly thing (13 damage)
             ... on level 10 of the Dungeon.
             The game lasted 00:21:55 (16926 turns).

kae the Carver (Formicid Fighter)                  Turns: 16926, Time: 00:21:56

Health: -4/96      AC: 13    Str: 25    XL:     12   Next: 29%
Magic:  25/25      EV: 10    Int: 13    God:    Okawaru [*****.]
Gold:   354        SH: 13    Dex: 10    Spells: 0 memorised, 11 levels left

rFire  . . .     SeeInvis +     I - +1 great sword (distort)
rCold  . . .     Gourm    +     b - +0 scale mail
rNeg   . . .     Faith    .     c - +1 shield
rPois  .         Spirit   .     (helmet unavailable)
rElec  .         Reflect  .     j - +0 cloak
rCorr  .         Harm     .     e - +2 pair of gloves
MR     +....                    (no boots)
Stlth  ..........               g - amulet of the gourmand
                                q - +4 ring of intelligence
                                v - ring of magical power

@: no status effects
A: permanent stasis, dig shafts and tunnels, four strong arms, antennae 3
a: Dig, Shaft Self, Heroism, Finesse, Renounce Religion


You were on level 10 of the Dungeon.
You worshipped Okawaru.
Okawaru was extremely pleased with you.
You were full.

You visited 2 branches of the dungeon, and saw 13 of its levels.

You collected 716 gold pieces.
You spent 362 gold pieces at shops.

Inventory:

Hand Weapons
 a - a +1 long sword
 y - a +3 falchion
 I - a +1 great sword of distortion (weapon)
Armour
 b - a +0 scale mail (worn)
 c - a +1 shield (worn)
 e - a +2 pair of gloves (worn)
 j - a +0 cloak (worn)
Jewellery
 g - an amulet of the gourmand (around neck)
 q - a +4 ring of intelligence (right hand)
 v - a ring of magical power (left hand)
Wands
 k - a wand of confusion (46/48)
 l - a wand of acid (6/15)
 r - a wand of acid (6/15)
 x - a wand of digging (14/24)
 B - a wand of iceblast (11/15)
 C - a wand of acid (5/15)
Scrolls
 h - 2 scrolls of fog
 n - 2 scrolls of enchant armour
 o - 3 scrolls of remove curse
 t - a scroll of enchant weapon
 z - a scroll of identify
 D - a scroll of amnesia
Potions
 d - a potion of resistance
 i - 4 potions of cancellation
 m - a potion of mutation
 p - a potion of brilliance {unknown}
 u - a potion of magic {unknown}
 w - 2 potions of agility {unknown}
 E - a potion of invisibility {unknown}
 G - a potion of curing
 H - a potion of ambrosia {unknown}
Comestibles
 f - 11 bread rations
 s - 5 meat rations
 A - 3 fruits
 F - 6 beef jerkies


   Skills:
 + Level 9.5 Fighting
 * Level 11.6 Long Blades
 + Level 9.6 Armour
 + Level 10.5 Shields
 + Level 5.8 Invocations


You had 11 spell levels left.
You didn't know any spells.

Dungeon Overview and Level Annotations

Branches:
Dungeon (12/15)            Temple (1/1) D:6            Lair (0/6) D:11
    Orc: D:9-12

Altars:
Ashenzari
Cheibriados
Dithmenos
Elyvilon
Fedhas
Gozag
Hepliaklqana
Kikubaaqudgha
Makhleb
Nemelex Xobeh
Okawaru
Qazlal
Ru
Sif Muna
Trog
Uskayaw
Vehumet
Xom
Yredelemnul
Zin
The Shining One

Shops:
D:6 (   D:8 [   D:11 (


Innate Abilities, Weirdness & Mutations

You are under a permanent stasis effect.
You can dig through walls and to a lower floor.
Your four strong arms can wield two-handed weapons with a shield.
You have a pair of large antennae on your head. (SInv)


Message History

You dig through the rock wall.
The ogre barely misses you.
You retract your mandibles.
You block the ogre's attack. The white ugly thing bites you.
The white ugly thing freezes you!!
You barely miss the white ugly thing.
You block the white ugly thing's attack.
The white ugly thing bites you. The white ugly thing freezes you!!
* * * LOW HITPOINT WARNING * * *
You barely miss the white ugly thing.
You block the white ugly thing's attack.
Okay, then.
Okay, then.
Okay, then.
You feel better.
The white ugly thing closely misses you.
You riposte.
You barely miss the white ugly thing.
Are you sure you want to shaft yourself?
You feel quite a bit less full. The white ugly thing bites you.
* * * LOW HITPOINT WARNING * * *
The white ugly thing freezes you!
You die...

#.# #.#.# #.#######..#
..# #...# #.#######..#
########..###......##..##
# #...#o.##............#
####.#)#..##..####.##...#
{.o..#....##..# #.##...#
##.#####..##..# #.##...#
##...#...###..####.##...#
####.#.#.###..ou@.)....<#
# #...#.......O...###..#
#####.######.####..###..#
......# #............#
############............#
#######.......###########
........#####.# #########
#.# # #.#


You could see a white ugly thing, an orc warrior and an ogre.

Vanquished Creatures
  A skeletal warrior (D:12)
  An unseen horror (D:11)
  3 hill giants
  The ghost of Cyber the Skirmisher, a novice HOFi (D:5)
  Joseph (D:10)
  Maurice (D:9)
  Psyche (D:9)
  A gargoyle (D:8)
  2 trolls
  A two-headed ogre (D:11)
  A hippogriff (D:7)
  Sigmund (D:5)
  A wyvern (D:10)
  5 yaks
  A hungry ghost (D:9)
  Menkaure (D:7)
  10 orc warriors
  An ice beast (D:12)
  6 sky beasts
  A black bear (D:6)
  5 phantoms
  A necrophage (D:11)
  The ghost of Cyber the Skirmisher, an amateur HOFi (D:3)
  3 ogres
  6 centaurs
  3 crocodiles
  4 big kobolds
  5 bullfrogs
  A water moccasin skeleton (D:10)
  3 scorpions
  8 killer bees (D:11)
  7 howler monkeys
  4 wights (D:9)
  6 crimson imps
  A jelly (D:5)
  2 hounds
  3 centaur skeletons
  11 orc priests
  Crazy Yiuf (D:3)
  A bullfrog skeleton (D:11)
  5 iguanas
  20 orc wizards
  7 worker ants
  A hound skeleton (D:8)
  A worker ant zombie (D:9)
  Robin (D:3)
  4 gnolls
  5 river rats (D:11)
  19 adders
  2 shadow imps
  An ooze (D:1)
  4 worms
  2 dart slugs
  5 leopard geckos
  56 orcs
  4 giant cockroaches
  14 goblins
  11 hobgoblins
  8 jackals
  17 kobolds
  4 quokkas
  18 bats
  7 frilled lizards
  A jackal skeleton (D:3)
  A leopard gecko skeleton (D:7)
  A leopard gecko zombie (D:8)
  12 rats
348 creatures vanquished.

Vanquished Creatures (others)
  A skeletal warrior (D:12)
  5 dream sheep (D:6)
6 creatures vanquished.

Grand Total: 354 creatures vanquished

Notes
Turn   | Place    | Note
-------+----------+-------------------------------------------
     0 | D:1      | kae the Formicid Fighter began the quest for the Orb.
     0 | D:1      | Reached XP level 1. HP: 18/18 MP: 1/1
    76 | D:1      | Reached XP level 2. HP: 22/24 MP: 2/2
   190 | D:1      | Reached XP level 3. HP: 28/29 MP: 3/3
   556 | D:2      | Reached skill level 3 in Long Blades
   755 | D:2      | Reached XP level 4. HP: 35/36 MP: 4/4
  1408 | D:2      | Reached XP level 5. HP: 30/42 MP: 5/5
  2544 | D:3      | Reached skill level 4 in Long Blades
  2544 | D:3      | Reached XP level 6. HP: 41/49 MP: 6/6
  2699 | D:3      | Noticed Robin
  2756 | D:3      | Killed Robin
  2878 | D:3      | Found a sacrificial altar of Ru.
  2953 | D:3      | Found a runed door.
  3005 | D:3      | Found a faded altar of an unknown god.
  3195 | D:3      | Noticed Cyber's ghost (amateur HOFi)
  3206 | D:3      | Killed Cyber's ghost
  3206 | D:3      | Reached XP level 7. HP: 24/55 MP: 7/7
  3644 | D:3      | Noticed Crazy Yiuf
  3649 | D:3      | Killed Crazy Yiuf
  3764 | D:4      | Reached skill level 5 in Shields
  3770 | D:4      | Reached skill level 5 in Long Blades
  3772 | D:4      | Reached skill level 5 in Armour
  3979 | D:4      | Reached skill level 5 in Fighting
  4317 | D:4      | Reached XP level 8. HP: 48/62 MP: 8/8
  4408 | D:5      | Entered Level 5 of the Dungeon
  4452 | D:5      | Reached skill level 6 in Long Blades
  4466 | D:5      | Noticed Cyber's ghost (novice HOFi)
  5175 | D:5      | Noticed Sigmund
  5177 | D:5      | Found a radiant altar of Vehumet.
  5186 | D:5      | Killed Sigmund
  5368 | D:5      | Reached XP level 9. HP: 61/69 MP: 9/9
  5643 | D:5      | Killed Cyber's ghost
  5643 | D:5      | Reached skill level 7 in Long Blades
  6327 | D:6      | Found a staircase to the Ecumenical Temple.
  6329 | D:6      | Found Obofieneh's Weapon Shop.
  6343 | Temple   | Entered the Ecumenical Temple
  6899 | D:6      | Reached skill level 8 in Long Blades
  6909 | D:6      | Found a shimmering altar of Xom.
  7577 | D:7      | Found a glowing golden altar of the Shining One.
  7577 | D:7      | Noticed a hippogriff
  7593 | D:7      | Killed a hippogriff
  7959 | D:7      | Reached XP level 10. HP: 68/79 MP: 10/10
  9123 | D:7      | Found a sacrificial altar of Ru.
  9124 | D:7      | Found a shimmering altar of Xom.
  9254 | D:7      | Noticed Menkaure
  9280 | D:7      | Reached skill level 9 in Long Blades
  9321 | D:7      | Killed Menkaure
 10063 | D:8      | Found an iron altar of Okawaru.
 10068 | D:8      | Became a worshipper of Warmaster Okawaru
 10605 | D:8      | Noticed a gargoyle
 10623 | D:8      | Killed a gargoyle
 10623 | D:8      | Reached * piety under Okawaru
 10735 | D:8      | Found Doostibbi's Armour Shoppe.
 11385 | D:9      | Reached skill level 1 in Invocations
 11443 | D:9      | Noticed Psyche
 11456 | D:9      | Killed Psyche
 11486 | D:9      | Reached skill level 10 in Long Blades
 11872 | D:9      | Noticed Maurice
 11881 | D:9      | Reached ** piety under Okawaru
 11897 | D:9      | Killed Maurice
 11897 | D:9      | Reached XP level 11. HP: 82/86 MP: 12/12
 12110 | D:10     | Entered Level 10 of the Dungeon
 12166 | D:10     | Noticed Joseph
 12180 | D:10     | Noticed a hill giant
 12201 | D:10     | Killed a hill giant
 12213 | D:10     | Killed Joseph
 12843 | D:10     | Reached *** piety under Okawaru
 14015 | D:11     | Noticed an unseen horror
 14031 | D:11     | Killed an unseen horror
 14031 | D:11     | Reached skill level 11 in Long Blades
 14100 | D:11     | Reached **** piety under Okawaru
 14323 | D:11     | Noticed a hill giant
 14341 | D:11     | Killed a hill giant
 14373 | D:11     | Reached skill level 10 in Shields
 14373 | D:11     | Reached skill level 5 in Invocations
 14415 | D:11     | Noticed a white ugly thing
 14434 | D:10     | HP: 3/89 [white ugly thing (16)]
 14441 | D:10     | You fall through a shaft!
 14452 | D:11     | HP: 1/89 [crocodile (8)]
 15081 | D:11     | Found a staircase to the Lair.
 15230 | D:11     | Found Rufai's Antique Weapon Emporium.
 15246 | D:11     | Bought a runed great sword for 362 gold pieces
 15653 | D:11     | Noticed a hill giant
 15659 | D:11     | Killed a hill giant
 15659 | D:11     | Reached XP level 12. HP: 90/95 MP: 16/16
 16093 | D:12     | Noticed a skeletal warrior
 16094 | D:12     | Noticed a skeletal warrior
 16094 | D:12     | Noticed a skeletal warrior
 16109 | D:12     | Banished a skeletal warrior
 16112 | D:12     | Killed a skeletal warrior
 16112 | D:12     | Reached ***** piety under Okawaru
 16918 | D:10     | HP: 1/96 [white ugly thing (29)]
 16926 | D:10     | Slain by a white ugly thing

Skill      XL: |  1  2  3  4  5  6  7  8  9 10 11 |
---------------+----------------------------------+-----
Long Blades    | 3 4 5 6 8 10 11 | 11.6
Shields        | 4 5 6 7 9 10 | 10.5
Armour         | 4 5 6 7 8 9 |  9.6
Fighting       | 4 5 6 7 8 9 |  9.5
Invocations    | 2 5 |  5.8

Action                   |  1- 3 |  4- 6 |  7- 9 | 10-12 || total
-------------------------+-------+-------+-------+-------++-------
Melee: Long sword        |   111 |   254 |   401 |   278 ||  1044
       Falchion          |       |       |       |   665 ||   665
       Great sword       |       |       |       |    79 ||    79
Invok: Heroism           |       |       |       |     3 ||     3
 Abil: Dig               |       |     6 |     8 |    15 ||    29
       Shaft Self        |       |       |       |     2 ||     2
  Use: Scroll            |     2 |     7 |     4 |     3 ||    16
       Potion            |       |     2 |     1 |     7 ||    10
  Eat: Chunk             |       |     9 |    21 |    37 ||    67
       Bread ration      |       |       |     1 |       ||     1
Armor: Scale mail        |    48 |    74 |   127 |   208 ||   457
       Skin              |       |       |    15 |       ||    15
Dodge: Dodged            |    43 |    79 |   104 |   206 ||   432
Block: Shield            |    70 |   119 |   196 |   464 ||   849
       Rpst.: Long sword |    18 |    24 |    40 |     8 ||    90
       Falchion          |       |       |       |    38 ||    38
       Great sword       |       |       |       |    11 ||    11
